[Event "*** Titled Tuesday Blitz"]
[Site "Chess.com"]
[Date "2019.01.01"]
[Round "1"]
[White "itisabigworld"]
[Black "Bryakin_Mikhail"]
[Result "0-1"]
[WhiteElo "2327"]
[BlackElo "2679"]
[TimeControl "180+2"]
[EndTime "13:09:44 PST"]
[Termination "Bryakin_Mikhail won by checkmate"]

1. e4 c6 2. Nc3 d5 3. d3 dxe4 4. Nxe4 Bf5 5. Ng3 Bg6 6. N1e2 e6 7. Nf4 Bd6 8. Be3 Qc7 9. Qd2 Ne7 10. Nxg6 hxg6 11.
Ne4 Nd7 12. Nxd6+ Qxd6 13. O-O-O Nd5 14. Kb1 Nxe3 15. fxe3 Rxh2 16. Be2 O-O-O 17. Bf3 Rdh8 18. Rxh2 Rxh2 19. d4 g5 20. c4 Kb8 21. c5 Qc7 22. b4 Nf6 23. Rc1 g4 24. Bd1 Ne4 25.
Qc2 f5 26. Bxg4 Qg3 27. Bf3 Ng5 28. Qd1 Nxf3 29. gxf3 g5 30. Qb3 Qf2 31. a4 Kc7 32. b5 Qd2 33. b6+ Kb8 34. bxa7+ Ka8 35. Rc2 Qxc2+ 36.
Qxc2 Rxc2 37. Kxc2 Kxa7 38. e4 Kb8 39. Kd3 Kc7 40.
Ke3 Kd7 41. Kf2 Ke7 42. a5 Kd7 43. Ke3 Ke7 44. Kf2 Kd8 45. Ke3 Kc8 46. Kd3 Kb8 47.
f4 g4 48. Ke2 Ka7 49. Kf2 Ka6 50. d5 cxd5 51. exd5 exd5 52. Ke3 Kxa5 53. Kd4 Kb5 54. Kxd5 g3 55. Ke5 g2 56. Kxf5 g1=Q 57. Ke5 Qxc5+ 58. Ke6 Qf8 59. f5 Kc4 60. f6 b5 61. f7 b4 62. Kf6 b3 63. Ke6 b2 64. Kf6 b1=Q 65.
Ke6 Qb6+ 66. Kd7 Qxf7+ 67. Kc8 Qbc7# 0-1

[Event "*** Titled Tuesday Blitz"]
[Site "Chess.com"]
[Date "2019.01.01"]
[Round "1"]
[White "Fivetrick"]
[Black "essequamvideris"]
[Result "1-0"]
[WhiteElo "2669"]
[BlackElo "2326"]
[TimeControl "180+2"]
[EndTime "13:09:56 PST"]
[Termination "Fivetrick won by resignation"]

1. e4 g6 2. d4 Bg7 3. Be3 d6 4. Nc3 Nf6 5. f3 O-O 6. h4 c5 7. Nge2 cxd4 8. Nxd4 Nc6 9. Bc4 Qb6 10. Bb3 Nxe4 11. Nd5 Qa5+ 12. c3 Ng3 13. Rh2 e6 14. Nxc6 bxc6 15. Ne7+ Kh8 16. Nxc6 Qc7 17. Nd4 Ba6 18.
Qd2 Nf1 19. Qf2 Nxh2 20. h5 e5 21. Nc2 Nf1 22. Bg5 f6 23. Bc1 gxh5 24. Nb4 Bc4 25.
Bxc4 Qxc4 26. Qxf1 Qxf1+ 27. Kxf1 f5 28. Kf2 e4 29. f4 Bh6 30. g3 h4 31. Be3 hxg3+ 32. Kxg3 Bg7 33. Nd5 Rab8 34. b3 Rb7 35. Rd1 Rg8 36. Kf2 a5 37. c4 a4 38. b4 a3 39. b5 Bb2 40. Nb4 Rbg7 41. Ke2 Rg2+ 42. Bf2 R8g4 43. Nd5 Rh4 44. b6 Rhh2 45. Rf1 Bd4 46.
b7 Ba7 47. Ke1 Kg7 48. Bxa7 Re2+ 49. Kd1 Rd2+ 50. Kc1 Rxa2 51. Bd4+ Kf7 52. b8=Q Rhc2+ 53. Kb1 Rcb2+ 54. Bxb2 Rxb2+ 55. Qxb2 axb2 56. Kxb2 1-0

[Event "*** Titled Tuesday Blitz"]
[Site "Chess.com"]
[Date "2019.01.01"]
[Round "1"]
[White "vpsetter"]
[Black "MerdeNoms943"]
[Result "1/2-1/2"]
[WhiteElo "2581"]
[BlackElo "2247"]
[TimeControl "180+2"]
[EndTime "13:10:03 PST"]
[Termination "Game drawn - insufficient material"]

1. e4 d6 2. d4 Nf6 3. Nc3 g6 4. f3 c6 5. Be3 Nbd7 6. Qd2 b5 7. O-O-O Qa5 8. Kb1 Bg7 9. g4 Nb6 10. e5 Nfd5 11. Nxd5 Qxd2 12. Bxd2 Nxd5 13. Re1 O-O 14.
Bd3 dxe5 15. dxe5 a6 16. h3 Bb7 17. f4 c5 18. Be4 e6 19. Nf3 Rad8 20. Bc1 Rd7 21. h4 Rfd8 22. h5 c4 23. Rh2 c3 24. b3 a5 25. hxg6 hxg6 26. f5 exf5 27. gxf5 gxf5 28. Bxf5 Rc7 29. e6 Bc8 30. Ng5 fxe6 31.
Nxe6 Bxe6 32. Bxe6+ Kf8 33. Rf2+ Nf6 34. Bg5 Re7 35.
Bxf6 Bxf6 36. Rxf6+ Ke8 37. Bf7+ Kf8 38. Bc4+ Kg7 39.
Rxe7+ Kxf6 40. Rf7+ Kg6 41. Rf1 bxc4 42. bxc4 Rb8+ 43.
Kc1 Rb4 44. Rf4 Rb2 45. Rf3 Rxa2 46. Rxc3 Kf6 47. c5 Ke7 48. c6 Kd8 49. c7+ Kc8 50. Kb1 Ra4 51. Kb2 Rb4+ 52. Ka3 Rb1 53. Ka4 Ra1+ 54. Kb5 a4 55. Kc6 Rc1 56. Kb5 a3 57. Rxa3 Rxc2 58. Kb6 Rxc7 59. Ra8+ Kd7 60. Ra7 Rxa7 61.
Kxa7 1/2-1/2

[Event "*** Titled Tuesday Blitz"]
[Site "Chess.com"]
[Date "2019.01.01"]
[Round "1"]
[White "dcremisi"]
[Black "mersad_98"]
[Result "1-0"]
[WhiteElo "2329"]
[BlackElo "2643"]
[TimeControl "180+2"]
[EndTime "13:10:08 PST"]
[Termination "dcremisi won by resignation"]

1. d4 Nf6 2. Nf3 e6 3. c4 b6 4. g3 Ba6 5. Qc2 Bb7 6. Bg2 c5 7. O-O cxd4 8. Nxd4 Bxg2 9. Kxg2 Qc7 10. b3 Be7 11. Bb2 O-O 12. Nd2 a6 13. Rac1 Nc6 14.
Nxc6 Qxc6+ 15. Kg1 Rfc8 16. Qd3 h6 17. Qf3 Qxf3 18.
Nxf3 Kf8 19. Rfd1 Ke8 20. a4 Rab8 21. Be5 Rb7 22. Nd4 d6 23. Bxf6 Bxf6 24. e3 Ke7 25.
Kf1 Rbc7 26. Ke2 d5 27. Kd3 e5 28. Nf5+ Ke6 29. e4 dxc4+ 30. Rxc4 Rxc4 31. bxc4 h5 32. Kc3 Rc6 33. Ne3 Be7 34. Nd5 Bc5 35.
f4 Bd4+ 36. Kb3 f6 37. Nb4 Rc8 38. Nxa6 h4 39. f5+ Ke7 40. g4 h3 41. Nb4 Kd6 42.
Nc2 Kc5 43. Ne1 Rh8 44. Nd3+ Kd6 45. Nb4 Rh4 46. Nc2 Rxg4 47. Nxd4 exd4 48. Rxd4+ Ke5 49.
Rd3 Rxe4 50. Rxh3 Kxf5 51. Kb4 Re5 52. Rh7 g5 53. Rb7 Kg4 54. Rxb6 f5 55. a5 f4 56. a6 Re1 57. c5 f3 58. Rf6 Ra1 59. Kb5 Rb1+ 60. Kc6 Ra1 61. Kb7 Rb1+ 62. Ka7 Rc1 63. c6 Rc3 64. Kb7 Rb3+ 65. Ka8 Rc3 66. a7 Kh3 67.
Kb8 Rb3+ 68. Kc7 Ra3 69. Rxf3+ Rxf3 70. a8=Q Kxh2 71. Qh8+ Kg3 72. Qe5+ Kg4 73. Kd6 Rd3+ 74. Kc5 Rd1 75. Qe2+ 1-0

[Event "*** Titled Tuesday Blitz"]
[Site "Chess.com"]
[Date "2019.01.01"]
[Round "1"]
[White "pKiLz5Rn9b"]
[Black "Grieve72"]
[Result "1-0"]
[WhiteElo "2650"]
[BlackElo "2298"]
[TimeControl "180+2"]
[EndTime "13:10:21 PST"]
[Termination "pKiLz5Rn9b won on time"]

1. Nf3 d5 2. d4 e6 3. Bf4 Nf6 4. e3 Bd6 5. Bxd6 Qxd6 6. c4 c5 7. cxd5 Nxd5 8. e4 Nb6 9. e5 Qe7 10. Nc3 Nc6 11. Bb5 Bd7 12. Ne4 Nxd4 13. Nxd4 cxd4 14.
Nd6+ Kf8 15. Qxd4 Bxb5 16. Nxb5 Rd8 17. Nd6 f6 18. f4 Nc8 19. Rd1 Nxd6 20. exd6 Qd7 21.
Qxa7 Qb5 22. Qd4 Rd7 23. Kf2 Kf7 24. Rd2 Rhd8 25. Rhd1 Rxd6 26. Qxd6 Rxd6 27. Rxd6 Qxb2+ 28. R6d2 Qb6+ 29. Kf3 Qc6+ 30. Kf2 Qc5+ 31. Kf3 Qc3+ 32. Rd3 Qc6+ 33. Kg3 Kg6 34. h3 h5 35. R1d2 Qc4 36. Rb3 h4+ 37. Kf3 Qc6+ 38. Kf2 Qc5+ 39. Ke2 Qc4+ 40.
Ke3 Qc5+ 41. Kd3 Qf5+ 42. Ke3 Qc5+ 43. Kf3 Qc6+ 44. Kf2 Qc5+ 45. Re3 Kf5 46. Kf3 Qc6+ 47. Kf2 Kxf4 48. Rd4+ Kg5 49. Rg4+ Kf5 50. Rxg7 Qc2+ 51. Re2 Qc5+ 52. Kf1 Qc1+ 53. Re1 Qc4+ 54. Kg1 Qxa2 55.
Rxb7 e5 56. Rb4 Qa7+ 57. Kh1 Qf2 58. Rbb1 Kg5 59. Rf1 Qd2 60. Rb8 Kg6 61. Rf8 Qd3 62. R8xf6+ Kg7 63. Rf7+ Kg6 64. R1f6+ Kg5 65. Rf3 Qd1+ 66.
Rf1 Qd2 67. R7f2 Qe3 68. Rf3 Qe2 69. Rf8 Kg6 70. Ra1 Kg7 71. Rb8 Kf6 72. Rf8+ Ke7 73. Rh8 Qf2 74. Rh6 Qe3 75. Ra7+ 1-0

[Event "*** Titled Tuesday Blitz"]
[Site "Chess.com"]
[Date "2019.01.01"]
[Round "1"]
[White "c63_amg"]
[Black "Kostya_Nikologorskiy"]
[Result "1/2-1/2"]
[WhiteElo "2694"]
[BlackElo "2353"]
[TimeControl "180+2"]
[EndTime "13:10:29 PST"]
[Termination "Game drawn - insufficient material"]

1. e4 e6 2. d4 d5 3. Nc3 Bb4 4. Ne2 Ne7 5. a3 Bxc3+ 6. Nxc3 O-O 7. Be2 b6 8. O-O Ba6 9. Bxa6 Nxa6 10. Bg5 c6 11.
exd5 cxd5 12. Qd3 Nc7 13. Rae1 Qd7 14. Bxe7 Qxe7 15. f4 Qd7 16. f5 exf5 17. Rxf5 Rae8 18. Rfe5 f6 19. R5e2 Rxe2 20. Rxe2 Re8 21. Rxe8+ Qxe8 22. Qg3 Qe7 23. h4 Kf7 24. Kh2 g6 25. Qf4 Qd7 26.
h5 Ne6 27. Qh6 Qd6+ 28. g3 Nf8 29. hxg6+ hxg6 30. Qh3 Qe6 31. Qg2 g5 32. Qxd5 Qxd5 33. Nxd5 Ke6 34. Ne3 f5 35. c4 Nd7 36. Kg2 Nf6 37. Kf3 g4+ 38. Kg2 Ne4 39. b4 Nd2 40. a4 Nb3 41. Nc2 Nd2 42. Ne3 Nb3 43. d5+ Ke5 44. d6 Kxd6 45. Nxf5+ Ke5 46. Ne3 Kd4 47. Nxg4 Kxc4 48. Ne5+ Kxb4 49. Nc6+ Kxa4 50. Nxa7 Kb4 51. Kf3 Kc5 52. Ke4 Nd2+ 53. Ke5 b5 54. g4 b4 55. g5 Nf3+ 56. Ke4 Nxg5+ 57. Kd3 Nf3 58. Kc2 Nd4+ 59.
Kb2 Nf5 60. Nc8 Kc6 61. Kb3 Kc5 62. Kb2 Kb5 63. Na7+ Kc4 64. Nc6 b3 65. Na5+ Kb4 66.
Nxb3 Kc4 67. Nd4 Kxd4 1/2-1/2

[Event "*** Titled Tuesday Blitz"]
[Site "Chess.com"]
[Date "2019.01.01"]
[Round "1"]
[White "salomez"]
[Black "TheBigBoss04"]
[Result "1/2-1/2"]
[WhiteElo "2132"]
[BlackElo "2519"]
[TimeControl "180+2"]
[EndTime "13:10:38 PST"]
[Termination "Game drawn by repetition"]

1. e4 g6 2. d4 Bg7 3. Nc3 d6 4. Bc4 a6 5. Nf3 e6 6. Bg5 Ne7 7. Qd2 h6 8. Be3 b5 9. Bd3 Bb7 10. a4 b4 11. Ne2 a5 12. c3 bxc3 13. bxc3 Nd7 14. O-O d5 15. exd5 Nxd5 16. Rfb1 Rb8 17. Rb5 c6 18. Rb3 Nxe3 19. fxe3 c5 20. Rab1 Bxf3 21.
Rxb8 Nxb8 22. gxf3 O-O 23. Kh1 Qc7 24. Rb5 Nd7 25.
Nf4 cxd4 26. cxd4 Ra8 27. Be4 Rc8 28. Rxa5 Nf6 29. Rc5 Qb8 30. Rxc8+ Qxc8 31. Qc2 Qa6 32. Bd3 Qa8 33. Kg2 g5 34. Ne2 Nd5 35. Kf2 Nb4 36. Qb3 Nxd3+ 37. Qxd3 Qxa4 38. Ng3 Qa2+ 39. Qe2 Qd5 40. Nh5 Qd6 41. Kg2 Bf8 42. Nf6+ Kh8 43. Qd2 Be7 44. Ne4 Qc6 45. Qc3 Qd5 46. Qc7 Qa2+ 47.
Kg3 Qa3 48. Nc5 Bxc5 49. dxc5 Kg8 50. c6 Qxe3 51. Qd8+ Kg7 52. c7 Qg1+ 53. Kh3 Qf1+ 54.
Kg3 Qg1+ 55. Kh3 h5 56. c8=Q Qf1+ 57. Kg3 Qg1+ 58. Kh3 Qf1+ 59. Kg3 Qg1+ 60. Kh3 Qf1+ 61. Kg3 Qg1+ 62. Kh3 Qf1+ 63. Kg3 Qg1+ 64. Kh3 1/2-1/2

[Event "*** Titled Tuesday Blitz"]
[Site "Chess.com"]
[Date "2019.01.01"]
[Round "1"]
[White "FancyPlaySyndrome"]
[Black "VladDobrov"]
[Result "0-1"]
[WhiteElo "2441"]
[BlackElo "2846"]
[TimeControl "180+2"]
[EndTime "13:10:40 PST"]
[Termination "VladDobrov won by resignation"]

1. e4 c5 2. Nf3 Nc6 3. Bb5 d6 4. O-O Bd7 5. Re1 Nf6 6. c3 a6 7. Bf1 Bg4 8. h3 Bxf3 9. Qxf3 e6 10. Qd1 Be7 11. d4 cxd4 12. cxd4 d5 13. e5 Ne4 14. a3 O-O 15. Nc3 Nxc3 16. bxc3 Rc8 17.
Bd3 Na5 18. Re3 g6 19. Bc2 Nc4 20. Rf3 Qd7 21. a4 Rc7 22. h4 Bxh4 23. Rh3 Bd8 24.
Rh6 f5 25. exf6 Rxf6 26. Qe2 Nd6 27. Rh3 Nf5 28. Bf4 Rc6 29. Be5 Rf7 30. Rb1 Ba5 31.
Rb3 Qc8 32. Qd3 Bc7 33. g4 Ne7 34. Qe2 Bxe5 35. Qxe5 Qc7 36. Qg5 Rb6 37. Re3 Rxb3 38. Bxb3 Qd6 39. Kg2 Nc6 40. Bc2 Kg7 41. Rh3 Qf4 42.
Qh4 h6 43. Re3 g5 44. Qg3 Qxg3+ 45. Kxg3 Kf6 46. Re1 Rc7 47. Rh1 Kg7 48. Re1 Nd8 49.
Re3 Kf6 50. f4 Nf7 51. Rf3 Ke7 52. f5 e5 53. Re3 Kf6 54. Bb3 Rd7 55. Ba2 h5 56.
Re1 h4+ 57. Kf3 e4+ 58. Kg2 Nd8 59. Rb1 Nc6 60. Rb6 Ke7 61. Kf2 Kd6 62. Ke3 Rh7 63.
Rb2 h3 64. Rh2 Rh4 65. c4 Rxg4 66. Rxh3 Rh4 67. Rg3 Ne7 68. Rxg5 Rh3+ 69. Kf4 Rf3+ 70. Kg4 Ra3 71. c5+ Kd7 72. f6 Rxa2 73. Rg7 Rg2+ 74. Kf4 Rxg7 75. fxg7 Ke6 76. Kg5 0-1

[Event "*** Titled Tuesday Blitz"]
[Site "Chess.com"]
[Date "2019.01.01"]
[Round "1"]
[White "mitrabhaa"]
[Black "MikePerelshteyn"]
[Result "0-1"]
[WhiteElo "2559"]
[BlackElo "2437"]
[TimeControl "180+2"]
[EndTime "13:10:40 PST"]
[Termination "MikePerelshteyn won by resignation"]

1. d4 Nf6 2. Nf3 g6 3. Nbd2 Bg7 4. e4 d6 5. Bb5+ c6 6. Bd3 O-O 7. O-O Bg4 8. h3 Bxf3 9. Nxf3 Qc7 10. e5 dxe5 11. dxe5 Nd5 12. Qe2 e6 13. c4 Nb6 14.
h4 c5 15. h5 Nc6 16. Bf4 Rad8 17. h6 Bh8 18. Rfe1 Nd4 19. Nxd4 Rxd4 20. Bg3 Rfd8 21.
Be4 Bxe5 22. Bh4 Re8 23. Bg5 Nxc4 24. b3 Nd6 25. Bxg6 Bh2+ 26. Kxh2 hxg6 27. Qe5 Nb5 28. Bf6 Qxe5+ 29. Rxe5 b6 30. h7+ Kxh7 31. Rh1 g5 32.
Rxg5 Rh4+ 33. Kg1 Rxh1+ 34. Kxh1 Rg8 35. Re5 Kg6 36. Bh4 Rh8 37. g3 Nd4 38. Rg5+ Kh6 39. Kg2 Nf5 40. Rg4 Nxh4+ 41. Rxh4+ Kg7 42. Rg4+ Kf6 43. Rf4+ Ke7 44. Ra4 a5 45. Kf3 Kd6 46. Rf4 f5 47. Ke2 b5 48. a4 bxa4 49. Rxa4 Rb8 50. Rxa5 Rxb3 51. Ra6+ Kd5 52. Ra8 c4 53. Rc8 Kd4 54. Rd8+ Ke4 55. Rc8 Rb2+ 56. Ke1 Kd3 57. Rd8+ Kc3 58. Rd6 e5 59. Rd5 Kb4 60. Rxe5 c3 61.
Kd1 Rxf2 62. Re8 Kc4 63. Rf8 Kd3 64. Rd8+ Ke3 65. Rc8 c2+ 66. Kc1 Kf3 67. Rc3+ Kg4 68. Rd3 Rf3 69. Rd4+ Kxg3 70. Kxc2 Re3 71. Rd8 f4 72. Rg8+ Kf2 73. Kd2 f3 74. Rh8 Re5 75. Rg8 Rd5+ 76. Kc2 Kf1 77. Rf8 f2 78. Rg8 Ke2 79.
Re8+ Kf3 80. Rf8+ Ke3 81. Re8+ Kf4 82. Rf8+ Rf5 0-1

[Event "*** Titled Tuesday Blitz"]
[Site "Chess.com"]
[Date "2019.01.01"]
[Round "1"]
[White "cherryandmint"]
[Black "akhairat"]
[Result "1-0"]
[WhiteElo "2602"]
[BlackElo "2240"]
[TimeControl "180+2"]
[EndTime "13:10:54 PST"]
[Termination "cherryandmint won on time"]

1. e4 c5 2. Nf3 a6 3. c3 Nf6 4.
e5 Nd5 5. d4 cxd4 6. cxd4 d6 7.
Bd3 Nc6 8. O-O Bg4 9. h3 Bxf3 10. Qxf3 dxe5 11. dxe5 Nxe5 12. Qe4 Nxd3 13. Qxd3 Rc8 14. Bg5 h6 15. Bh4 g5 16. Bg3 Bg7 17. Nd2 O-O 18.
Rad1 e6 19. Nc4 b5 20. Ne5 Qe7 21. a3 Rfd8 22. Qf3 Qf6 23. Qe4 Qf5 24. Qd4 Bf6 25. Rfe1 Nf4 26. Qa7 Bxe5 27. Rxd8+ Rxd8 28. Qxa6 Bxb2 29.
Qb6 Qd5 30. Bxf4 gxf4 31. Qc7 e5 32. Qe7 Bd4 33. Qf6 Qd6 34. Qh4 Rc8 35. Qg4+ Kh7 36. Qxc8 Qxa3 37. Qd7 Kg6 38. Qxb5 Qc3 39. Qe2 h5 40.
Rb1 Qc5 41. Rf1 Qc3 42. Kh2 Qc5 43. Qe4+ Kf6 44. Qf3 Kg6 45. h4 f5 46. g3 fxg3+ 47. fxg3 Qc2+ 48. Kh3 Qe4 49. Qxe4 fxe4 50. Kg2 e3 51.
Kf3 Kf5 52. Rc1 e4+ 53. Ke2 Kg4 54. Rc4 Ba7 55. Rc7 Bd4 56. Rd7 Bc5 57. Rg7+ Kh3 58. Rg5 Bd6 59. Rxh5 Bxg3 60. Rh7 Bf4 61. h5 Kg4 62.
Rh8 Kf5 63. h6 Kg6 64. h7 Be5 65. Re8 1-0

[Event "*** Titled Tuesday Blitz"]
[Site "Chess.com"]
[Date "2019.01.01"]
[Round "1"]
[White "Keaton87"]
[Black "FightingChess"]
[Result "1/2-1/2"]
[WhiteElo "2511"]
[BlackElo "2152"]
[TimeControl "180+2"]
[EndTime "13:11:00 PST"]
[Termination "Game drawn by agreement"]

1. Nf3 d5 2. e3 Nf6 3. c4 c6 4. Nc3 Bg4 5. Qb3 Qb6 6. Ne5 Be6 7. d4 Nbd7 8. Nxd7 Nxd7 9. c5 Qxb3 10. axb3 a6 11. b4 Rd8 12. Bd3 g6 13. O-O Bg7 14.
f4 Bf5 15. Be2 h5 16. h3 Nf6 17. Bd2 Ne4 18. Nxe4 Bxe4 19. Kf2 O-O 20. g4 hxg4 21. hxg4 f6 22. Kg3 e5 23. Bc3 exd4 24. Bxd4 f5 25. gxf5 Bxd4 26. exd4 Bxf5 27. Bg4 Rde8 28. Rae1 Be4 29.
Bf3 Bxf3 30. Kxf3 Rxe1 31. Rxe1 g5 32. f5 Rxf5+ 33. Kg4 Rf4+ 34. Kxg5 Rxd4 35. Kf6 Rxb4 36. Rg1+ Kf8 37. Rh1 Rf4+ 38. Ke6 Rc4 39. Rf1+ Kg8 40.
Rg1+ Kh7 41. Kd6 Rb4 42. Rg2 d4 43. Ke5 Kh6 44. Ke4 Kh5 45. Kd3 Kh4 46. Ke4 Kh3 47.
Rg7 Rxb2 48. Kxd4 Rb5 49. Rg8 a5 50. Kc4 Kh4 51. Rg7 Kh5 52. Rg1 a4 53. Ra1 Ra5 54.
Kb4 Rb5+ 55. Kc4 Kg5 56. Rxa4 Kf5 57. Ra1 Rb2 58. Rf1+ Ke6 59. Rd1 Rc2+ 60. Kb4 Ke5 61. Rd7 Rb2+ 62. Kc4 Rb1 63. Rd8 Ke6 64. Rd2 Ke7 65. Rd3 Ke8 66. Rd2 Re1 67. Rb2 Re4+ 68. Kd3 Re7 69. Kd4 Kd8 70. Rb1 Kc7 71. Rh1 Rd7+ 72.
Kc4 Rg7 73. Rh4 Rf7 74. Rg4 b5+ 75. cxb6+ Kxb6 76. Rh4 Rg7 77. Rf4 Rd7 78. Rh4 Rd6 79. Rg4 Rd1 80. Rh4 Rc1+ 81. Kb3 Kb5 82. Rh5+ c5 83.
Rh4 c4+ 84. Kb2 Rg1 85. Rh3 Kb4 86. Kc2 Rg2+ 87. Kc1 Re2 88. Rg3 Rh2 89. Rf3 Rh1+ 90.
Kc2 Rh2+ 91. Kc1 c3 92. Rf8 Kb3 93. Rb8+ Kc4 94. Rc8+ 1/2-1/2

[Event "*** Titled Tuesday Blitz"]
[Site "Chess.com"]
[Date "2019.01.01"]
[Round "1"]
[White "DrMelekess"]
[Black "twitchTriniCupid"]
[Result "0-1"]
[WhiteElo "2590"]
[BlackElo "2274"]
[TimeControl "180+2"]
[EndTime "13:11:04 PST"]
[Termination "twitchTriniCupid won by checkmate"]

1. d4 Nf6 2. Nf3 e6 3. c4 Bb4+ 4. Bd2 Be7 5. g3 b6 6. Bg2 Ba6 7. Nc3 c6 8. Ne5 O-O 9. O-O d5 10. cxd5 cxd5 11. Rc1 Nfd7 12. Bf4 Nxe5 13. dxe5 Nd7 14.
Re1 g5 15. Be3 Nxe5 16. Qa4 Bb7 17. Red1 Qe8 18. Qb3 Nc4 19. Bd4 Rd8 20. Qc2 e5 21. Nxd5 Bxd5 22. e4 Be6 23. Bc3 Rxd1+ 24. Rxd1 Qc8 25.
b3 Na3 26. Qb2 f6 27. Bf1 a6 28. Rc1 Qb7 29. Qe2 Nb5 30. Bb2 Rc8 31. Re1 Bb4 32.
Ra1 Bc3 33. Bxc3 Nxc3 34. Qd2 Nxe4 35. Qe3 Nc5 36. Rd1 Qc7 37. Qf3 Qf7 38. Bg2 Qe7 39.
Qe3 Rd8 40. Rc1 a5 41. Qe2 Qf7 42. Qb5 Qd7 43. Qxb6 Nd3 44. Rf1 Bf5 45. Qxa5 Kg7 46. Qb6 Qd4 47. Qc7+ Rd7 48. Qb8 g4 49. a4 Nb4 50. a5 Na6 51. Qc8 Bd3 52. Rd1 Rc7 53. Qa8 Nb4 54. Re1 Qc3 55. Rd1 Qc2 56. Re1 Qd2 57. Ra1 Nc2 58. Qb8 Rf7 59. Qc8 Nxa1 60. Qxg4+ Qg5 61. Qd1 Rd7 62. Qxa1 Qd2 63. a6 Ra7 64.
Bb7 e4 65. Kg2 Qe2 66. Qd4 Qf3+ 67. Kh3 Bf1+ 68. Kh4 Qf5 69. f4 Qh3# 0-1

[Event "*** Titled Tuesday Blitz"]
[Site "Chess.com"]
[Date "2019.01.01"]
[Round "1"]
[White "SARGISMV"]
[Black "Korchmar_Vasiliy"]
[Result "0-1"]
[WhiteElo "2411"]
[BlackElo "2783"]
[TimeControl "180+2"]
[EndTime "13:11:32 PST"]
[Termination "Korchmar_Vasiliy won by resignation"]

1. Nf3 c5 2. c4 Nc6 3. g3 g6 4. Bg2 Bg7 5. Nc3 e5 6. O-O Nge7 7. a3 d6 8. Rb1 a5 9. Ne1 Be6 10. Nd5 O-O 11. Nc2 Rb8 12. b4 axb4 13. axb4 b5 14. bxc5 bxc4 15. Rxb8 Qxb8 16. Nxe7+ Nxe7 17. cxd6 Qxd6 18.
Ne3 Nc6 19. Qa4 Nd4 20. Re1 Rb8 21. Nxc4 Nxe2+ 22. Rxe2 Qd3 23. Re1 Qxc4 24. Qxc4 Bxc4 25. Ba3 f5 26. Bd6 Rb5 27. Rc1 Be6 28. d3 h6 29. h4 Bd5 30. Rc8+ Kf7 31. Rc7+ Kg8 32.
Rc8+ Kh7 33. Rc5 Rxc5 34. Bxc5 Bxg2 35. Kxg2 Kg8 36. f3 Kf7 37. g4 Ke6 38. Be3 Kd5 39. Kf2 h5 40. gxh5 gxh5 41. Bg5 Kd4 42. Ke2 Kc3 43.
Bd8 Kc2 44. Bg5 Bf8 45. Bf6 Bd6 46. Bg7 Be7 47. Bxe5 Bxh4 48. d4 Kc3 49. d5+ Kc4 50. d6 Kd5 51. Bh2 Ke6 52. Ke3 Bf6 53. Kd3 Bb2 54.
Kc4 Ba3 55. d7 Be7 56. Bc7 Kxd7 57. Bg3 Ke6 58. Bh2 Bd6 59. f4 Bc7 60. Kd4 Bb6+ 61. Kc4 Be3 62. Kd3 Bc1 63. Ke2 Kd5 64. Kf3 Bd2 65.
Bg3 Kd4 66. Bh4 Kd3 67. Bg5 Be1 68. Bf6 h4 69. Bg5 h3 70. Bh6 h2 71. Kg2 Bg3 72.
Bg5 Ke4 73. Bh6 Bxf4 74. Bxf4 Kxf4 75. Kxh2 Ke3 76. Kg2 f4 77. Kf1 Kf3 78. Kg1 Ke2 79.
Kg2 f3+ 80. Kg1 f2+ 81. Kh2 f1=Q 82. Kg3 Qf5 83. Kh2 Qg4 84. Kh1 Kf2 0-1

[Event "*** Titled Tuesday Blitz"]
[Site "Chess.com"]
[Date "2019.01.01"]
[Round "1"]
[White "Hieronymus00"]
[Black "Zenzo"]
[Result "0-1"]
[WhiteElo "2140"]
[BlackElo "2540"]
[TimeControl "180+2"]
[EndTime "13:11:33 PST"]
[Termination "Zenzo won by resignation"]

1. e4 e5 2. Nf3 Nc6 3. Bb5 a6 4. Ba4 Nge7 5. O-O g6 6. c3 Bg7 7. d4 exd4 8. cxd4 b5 9. Bb3 O-O 10. Nc3 d6 11. h3 Na5 12. Bc2 c5 13. Bg5 h6 14. Bh4 g5 15. Bg3 Nc4 16. Rb1 f5 17.
exf5 Bxf5 18. Ne4 Rc8 19. Re1 Ng6 20. Bb3 Nf4 21. Bxf4 gxf4 22. Rc1 Kh8 23. Bxc4 bxc4 24. Qd2 cxd4 25. Nxd4 d5 26. Nc3 Qd7 27. Rcd1 Bd3 28. Nce2 f3 29. Nxf3 Rxf3 30. gxf3 Qxh3 31. Ng3 Rg8 32.
Qe3 Bxb2 33. Rxd3 cxd3 34. Qxd3 Be5 35. Rxe5 Rxg3+ 36. fxg3 Qxg3+ 37. Kf1 Qxe5 38. Qxa6 h5 39. Qh6+ Kg8 40. Qg6+ Kf8 41. Qh6+ Ke7 42. Qh7+ Kd6 43. Qh6+ Kc5 44. Qa6 h4 45. Qa7+ Kb5 46. Qb7+ Kc4 47.
Qc6+ Kd3 48. Qb5+ Kc2 49. Qb3+ Kd2 50. Qb4+ Kd3 51. Qb5+ Kc2 52. Qb3+ Kc1 53. Qa3+ Kb1 54. Qb3+ Ka1 55. Kf2 h3 56. a4 h2 57. Kg2 d4 58. Qd1+ Kb2 59. Qd2+ Kb3 60. a5 Qe3 61. Qd1+ Kb4 62. Qb1+ Kxa5 63. Kxh2 d3 64. Qa2+ Kb4 65. Qb2+ Kc4 66. Qa2+ Kc3 67. Qa3+ Kd2 68. Kg3 Ke2 69. Qa8 d2 70. Qa6+ Ke1 0-1

[Event "*** Titled Tuesday Blitz"]
[Site "Chess.com"]
[Date "2019.01.01"]
[Round "1"]
[White "xpto15"]
[Black "1e41-0"]
[Result "1-0"]
[WhiteElo "2167"]
[BlackElo "2532"]
[TimeControl "180+2"]
[EndTime "13:11:40 PST"]
[Termination "xpto15 won by resignation"]

1. e4 e6 2. d4 d5 3. Nc3 Bb4 4. e5 c5 5. a3 Bxc3+ 6. bxc3 Qa5 7. Bd2 Qa4 8. Qg4 Kf8 9. Qd1 b6 10.
dxc5 bxc5 11. Nf3 Ba6 12. Bxa6 Qxa6 13. Qe2 Qxe2+ 14. Kxe2 Nc6 15. Rab1 Nge7 16. Rb7 Ng6 17. Rc7 Ncxe5 18. Nxe5 Nxe5 19. Rb1 Kg8 20. a4 h6 21. f4 Nc4 22. Rbb7 Nd6 23. Rxa7 Rxa7 24. Rxa7 Kh7 25. a5 Kg6 26. a6 Rb8 27. g4 Rb6 28. h4 h5 29. gxh5+ Kxh5 30. Ra8 Kg4 31. a7 Ra6 32. Rd8 Rxa7 33. Rxd6 Kxh4 34. Be3 Rc7 35. f5 Kg4 36. fxe6 fxe6 37. Rxe6 Kf5 38. Rd6 Ke5 39. Rd8 Ke6 40. Kd3 Ke5 41. Rf8 c4+ 42.
Kd2 Rb7 43. Bd4+ Ke6 44. Re8+ Kd6 45. Be5+ Kd7 46. Ra8 Ke6 47. Bd4 g5 48. Rg8 Kf5 49. Be3 g4 50. Rg5+ Ke6 51. Rxg4 Rh7 52. Rg2 Rh3 53.
Ke2 Kf5 54. Rg5+ Ke4 55. Bd4 Rh2+ 56. Kd1 Rh1+ 57. Kd2 Rh2+ 58. Kc1 Rh1+ 59. Kb2 Rh7 60. Re5+ Kf3 61. Rxd5 Rb7+ 62. Ka3 Ke2 63. Ka4 Kd2 64. Rb5 Rc7 65. Kb4 Kxc2 66. Rc5 Rb7+ 67. Kxc4 Ra7 68.
Kd5 Kd3 69. Rc8 Ra5+ 70. Rc5 Ra7 71. Kc6 Ra6+ 72. Kb5 Ra8 73. Be5 Ke4 74. Bc7 Ra2 75.
Rc4+ Kd5 76. Rd4+ Ke6 77. Kc4 Ra4+ 78. Kd3 Ra6 79. Bf4 Ra1 80. c4 Rd1+ 81. Kc3 Rc1+ 82.
Kb4 Rb1+ 83. Kc5 Rh1 84. Kc6 Rh8 85. c5 Rc8+ 86. Bc7 Ke7 87. Re4+ Kf6 88. Kd7 Ra8 89.
c6 Ra3 90. Bd6 Rc3 91. c7 Kf5 92. Re5+ Kf4 93. Rc5+ Ke4 94. Rxc3 1-0

[Event "*** Titled Tuesday Blitz"]
[Site "Chess.com"]
[Date "2019.01.01"]
[Round "1"]
[White "Slovak_fighter2000"]
[Black "DanielNaroditsky"]
[Result "0-1"]
[WhiteElo "2457"]
[BlackElo "2925"]
[TimeControl "180+2"]
[EndTime "13:12:00 PST"]
[Termination "DanielNaroditsky won by resignation"]

1. d4 Nf6 2. Nf3 g6 3. Bf4 Bg7 4. e3 O-O 5. h3 d6 6. Bh2 b6 7.
Be2 Bb7 8. O-O c5 9. Nbd2 Nbd7 10. c3 a6 11. a4 Ra7 12. Qb3 Qa8 13. Rfc1 Rc8 14. Qd1 Ne4 15. Nxe4 Bxe4 16. Ne1 Rac7 17. Bf3 Nf6 18. Bxe4 Nxe4 19. Nf3 b5 20. axb5 Ra7 21. Rxa6 Rxa6 22. bxa6 Qxa6 23. Nd2 Nf6 24. dxc5 Rxc5 25.
Nf3 Ra5 26. Rb1 Ne4 27. Nd2 Nxd2 28. Qxd2 Ra2 29. Bg3 h5 30. h4 Qc4 31. Qc1 Qb3 32.
Qd2 Bf6 33. Kh2 Ra4 34. Qd1 Qb5 35. b3 Rg4 36. c4 Qf5 37. f3 Rxg3 38. Kxg3 Qe5+ 39.
Kf2 Bxh4+ 40. Ke2 Bg5 41. Qd2 h4 42. b4 Qg3 43. Kd3 h3 44. gxh3 Qxf3 45. Kc3 Bxe3 46. Qd3 e5 47. Re1 Bd4+ 48. Kc2 Qa8 49. b5 Qa2+ 50. Kd1 Kg7 51. Qc2 Qa3 52. Qe4 Qb3+ 53.
Qc2 Qxh3 54. Kc1 Qa3+ 55. Kd1 f5 56. Ke2 f4 57. Qd3 Qa2+ 58. Kd1 Qa1+ 59. Ke2 Qa2+ 60. Kd1 Kf6 61. Rf1 Bc5 62. Rf3 Qg2 63. Qe4 Qg1+ 64.
Kc2 Qa1 65. Qd3 Bd4 66. Qe4 Qa2+ 67. Kd1 Qxc4 68. Qc6 Qa4+ 69. Kc1 Qa1+ 70. Kc2 Qb2+ 71.
Kd1 Qb4 72. Ke2 Be3 73. Rxe3 fxe3 74. Kxe3 Qd4+ 75. Ke2 e4 76. b6 Qd3+ 77. Ke1 e3 78. Qf3+ Ke7 79. Qb7+ Ke6 80. Qc8+ Kd5 81. Qb7+ Kd4 82.
Qg7+ Kc5 83. Qc7+ Kb5 84. Qd7+ Kxb6 85. Qb7+ Kc5 86. Qc6+ Kb4 87. Qb6+ Qb5 88. Qxe3 Qe5 89. Qxe5 dxe5 90. Ke2 Kc5 0-1